 Dungeon Crawl Stone Soup version 0.26.1-10-gdfb7c7de75 (webtiles) character file.

Game seed: 15296150658463009451

678778 tardwrangler69 the Conqueror (level 27, -8/273 HPs)
             Began as a Minotaur Fighter on Apr 4, 2021.
             Was a Priest of Uskayaw.
             Killed from afar by an ancient lich (101 damage)
             ... with an iron shot
             ... on level 5 of the Realm of Zot.
             The game lasted 01:52:03 (73727 turns).

tardwrangler69 the Conqueror (Minotaur Fighter)    Turns: 73727, Time: 01:52:04

Health: -8/273     AC: 47    Str: 44    XL:     27
Magic:  17/32      EV: 20    Int:  5    God:    Uskayaw [***...]
Gold:   6918       SH: 18    Dex: 12    Spells: 26/26 levels left

rFire    + + .     SeeInvis +   a - +8 broad axe (elec)
rCold    + + +     Faith    +   S - +2 shield of Resistance {rF++ rC++ Will++}
rNeg     . . .     Spirit   .   T - +15 Maxwell's patent armour {-Cast -Tele rElec Will+ rCorr}
rPois    +         Reflect  .   j - +0 hat {SInv}
rElec    +         Harm     .   y - +0 cloak "Gematyicsa" {rElec rPois rF+} (curse)
rCorr    +         Rampage  +   n - +1 pair of gloves
Will     +++++     NoTele   +   M - +1 pair of boots "Enovvur" {Rampage rC+} Stlth ..........NoCast +
                                t - amulet of faith
HPRegen  0.55/turn              A - +6 ring of strength
MPRegen  0.23/turn              P - ring "Xenavop" {Ice *Contam Str+6 SInv}

@: studying Short Blades
A: retaliatory headbutt, horns 2, icy blue scales 1, blurry vision 1,
deterioration 1, low mp 1
}: 3/15 runes: decaying, serpentine, silver
a: Renounce Religion, Stomp, Line Pass


You were on level 5 of the Realm of Zot.
You worshipped Uskayaw.
Uskayaw was greatly pleased with you.
You visited 11 branches of the dungeon, and saw 51 of its levels.
You visited 1 bazaar.
You also visited: Bailey, Ice Cave, Volcano and Desolation.

You collected 11847 gold pieces.
You spent 4929 gold pieces at shops.

Inventory:

Hand Weapons
 a - a +8 broad axe of electrocution (weapon)
 F - a +5 vampiric broad axe
Missiles
 B - 14 silver javelins (quivered)
 X - 20 javelins
Armour
 j - a +0 hat of see invisible (worn)
 n - a +1 pair of gloves (worn)
 q - +0 gold dragon scales
 v - the +10 scale mail of the Jabberwock {Int-3 Dex+7}
   (You took it off a deep elf high priest on level 3 of the Elven Halls)

   It affects your intelligence (-3).
   It affects your dexterity (+7).
 y - the cursed +0 cloak "Gematyicsa" (worn) {rElec rPois rF+}
   (You found it on level 2 of the Depths)

   It protects you from fire.
   It insulates you from electricity.
   It protects you from poison.
   It has a curse placed upon it.
 J - a +2 pair of boots
 M - the +1 pair of boots "Enovvur" (worn) {Rampage rC+}
   (You bought it in a shop on level 1 of the Depths)

   It protects you from cold.
   It bestows one free step when moving towards enemies.
 S - the +2 shield of Resistance (worn) {rF++ rC++ Will++}
   (You bought it in a shop on level 2 of the Orcish Mines)

   It greatly protects you from fire.
   It greatly protects you from cold.
   It affects your willpower, your defense against some magical effects.
 T - the +15 Maxwell's patent armour (worn) {-Cast -Tele rElec Will+ rCorr}
   (You found it in the Desolation of Salt)

   It insulates you from electricity.
   It affects your willpower, your defense against some magical effects.
   It prevents spellcasting.
   It prevents most forms of teleportation.
   It provides partial protection from all sources of acid and corrosion.
Jewellery
 b - an uncursed ring of poison resistance
 c - the ring "Lipa" {Int+3 Dex+6}
   (You found it on level 4 of the Snake Pit)

   [ring of dexterity]

   It affects your intelligence (+3).
   It affects your dexterity (+6).
 t - an amulet of faith (around neck)
 x - the ring "Gadam" {rC+ Str+5}
   (You found it in the Desolation of Salt)

   [ring of protection from cold]

   It affects your strength (+5).
   It protects you from cold.
 A - a +6 ring of strength (left hand)
 L - the ring "Zuda Kyu" {rCorr Str+3}
   (You found it on level 2 of the Swamp)

   [ring of resist corrosion]

   It affects your strength (+3).
   It provides partial protection from all sources of acid and corrosion.
 P - the ring "Xenavop" (right hand) {Ice *Contam Str+6 SInv}
   (You found it on level 1 of the Vaults)

   [ring of ice]

   It enhances your ice magic.
   It affects your strength (+6).
   It makes you vulnerable to fire.
   It protects you from cold.
   It lets you see invisible.
   It causes magical contamination when unequipped.
 R - the ring of Lexukuc {Will+ Int+8}
   (You found it in an ice cave)

   [ring of willpower]

   It affects your intelligence (+8).
   It affects your willpower, your defense against some magical effects.
 U - an uncursed ring of protection from fire
Wands
 p - a wand of acid (36)
 I - a wand of digging (25)
Scrolls
 f - 5 scrolls of summoning
 g - 38 scrolls of identify
 h - 30 scrolls of remove curse
 k - 13 scrolls of fog
 m - 2 scrolls of brand weapon
 r - 21 scrolls of teleportation
 s - a scroll of enchant weapon
 w - 7 scrolls of immolation
 C - 4 scrolls of magic mapping
 D - 5 scrolls of fear
 K - 5 scrolls of silence
 N - 6 scrolls of holy word
 Q - 3 scrolls of blinking
 V - 5 scrolls of enchant armour
Potions
 d - 13 potions of might
 e - 7 potions of resistance
 i - 27 potions of curing
 l - 11 potions of heal wounds
 o - 3 potions of berserk rage
 u - 10 potions of lignification
 z - 9 potions of brilliance
 E - 12 potions of flight
 G - 8 potions of ambrosia
 H - 12 potions of mutation
 O - 10 potions of attraction
 W - 3 potions of invisibility
 Z - 9 potions of haste
Books
 Y - a manual of Short Blades


   Skills:
 O Level 27 Fighting
 O Level 27 Axes
 O Level 27 Armour
 + Level 18.9 Dodging
 - Level 15.0 Shields
 + Level 21.1 Invocations


You had 26 spell levels left.
You didn't know any spells.
Your spell library contained the following spells:

 Spells                   Type           Power        Failure   Level
 Animate Skeleton         Necr           0%           71%         1
 Apportation              Tloc           0%           71%         1
 Beastly Appendage        Tmut           0%           71%         1
 Corona                   Hex            0%           71%         1
 Foxfire                  Conj/Fire      0%           71%         1
 Freeze                   Ice            0%           71%         1
 Magic Dart               Conj           0%           71%         1
 Pain                     Necr           0%           71%         1
 Shock                    Conj/Air       0%           71%         1
 Sting                    Tmut/Pois      0%           71%         1
 Summon Small Mammal      Summ           0%           71%         1
 Blink                    Tloc           N/A          85%         2
 Call Imp                 Summ           0%           85%         2
 Corpse Rot               Necr/Air       N/A          85%         2
 Poisonous Vapours        Pois/Air       0%           85%         2
 Searing Ray              Conj           0%           85%         2
 Slow                     Hex            0%           85%         2
 Swiftness                Air            0%           85%         2
 Wereblood                Tmut           0%           85%         2
 Call Canine Familiar     Summ           0%           97%         3
 Conjure Flame            Conj/Fire      0%           97%         3
 Dazzling Flash           Conj/Hex       0%           97%         3
 Frozen Ramparts          Ice            0%           97%         3
 Gell's Gravitas          Tloc           0%           97%         3
 Ignite Poison            Fire/Tmut/Pois 0%           97%         3
 Inner Flame              Hex/Fire       0%           97%         3
 Lesser Beckoning         Tloc           0%           97%         3
 Mephitic Cloud           Conj/Pois/Air  0%           97%         3
 Ozocubu's Armour         Ice            0%           97%         3
 Portal Projectile        Hex/Tloc       0%           97%         3
 Spider Form              Tmut/Pois      0%           97%         3
 Static Discharge         Conj/Air       0%           97%         3
 Summon Guardian Golem    Hex/Summ       0%           97%         3
 Teleport Other           Tloc           0%           97%         3
 Tukima's Dance           Hex            0%           97%         3
 Vampiric Draining        Necr           0%           97%         3
 Airstrike                Air            0%           100%        4
 Animate Dead             Necr           0%           100%        4
 Cause Fear               Hex            0%           100%        4
 Dispel Undead            Necr           0%           100%        4
 Fulminant Prism          Conj/Hex       0%           100%        4
 Hailstorm                Conj/Ice       0%           100%        4
 Ice Form                 Ice/Tmut       0%           100%        4
 Iskenderun's Mystic Bla  Conj/Tloc      0%           100%        4
 Leda's Liquefaction      Hex/Erth       0%           100%        4
 Olgreb's Toxic Radiance  Pois           0%           100%        4
 Passage of Golubria      Tloc           N/A          100%        4
 Sticky Flame             Conj/Fire      0%           100%        4
 Summon Ice Beast         Ice/Summ       0%           100%        4
 Summon Lightning Spire   Summ/Air       0%           100%        4
 Agony                    Necr           0%           100%        5
 Alistair's Intoxication  Tmut/Pois      0%           100%        5
 Blade Hands              Tmut           0%           100%        5
 Bolt of Magma            Conj/Fire/Erth 0%           100%        5
 Borgnjor's Vile Clutch   Necr/Erth      0%           100%        5
 Fireball                 Conj/Fire      0%           100%        5
 Iskenderun's Battlesphe  Conj           0%           100%        5
 Lightning Bolt           Conj/Air       0%           100%        5
 Metabolic Englaciation   Hex/Ice        0%           100%        5
 Silence                  Hex/Air        0%           100%        5
 Summon Demon             Summ           0%           100%        5
 Summon Forest            Summ/Tloc      0%           100%        5
 Summon Mana Viper        Hex/Summ       0%           100%        5
 Yara's Violent Unravell  Hex/Tmut       0%           100%        5
 Conjure Ball Lightning   Conj/Air       0%           100%        6
 Dispersal                Tloc           0%           100%        6
 Eringya's Noxious Bog    Tmut/Pois      0%           100%        6
 Freezing Cloud           Conj/Ice/Air   0%           100%        6
 Invisibility             Hex            0%           100%        6
 Iron Shot                Conj/Erth      0%           100%        6
 Ozocubu's Refrigeration  Ice            0%           100%        6
 Shadow Creatures         Summ           N/A          100%        6
 Simulacrum               Ice/Necr       0%           100%        6
 Starburst                Conj/Fire      0%           100%        6
 Statue Form              Tmut/Erth      0%           100%        6
 Malign Gateway           Summ/Tloc      0%           100%        7
 Monstrous Menagerie      Summ           0%           100%        7
 Orb of Destruction       Conj           0%           100%        7
 Spellforged Servitor     Conj/Summ      0%           100%        7
 Summon Greater Demon     Summ           0%           100%        7
 Summon Hydra             Summ           0%           100%        7
 Discord                  Hex            0%           100%        8
 Summon Horrible Things   Summ           0%           100%        8
 Dragon's Call            Summ           0%           100%        9


Dungeon Overview and Level Annotations

Branches:
Dungeon (15/15)            Temple (1/1) D:4            Lair (6/6) D:11
  Swamp (4/4) Lair:2        Snake (4/4) Lair:3        Slime (0/5) Lair:6
    Orc (2/2) D:10            Elf (3/3) Orc:2        Vaults (5/5) D:13
  Crypt (0/3) Vaults:3     Depths (5/5) D:15           Hell (visited)
    Dis (0/7) Hell            Geh (0/7) Hell            Coc (0/7) Hell
    Tar (0/7) Hell            Zot (5/5) Depths:5     Bailey (visited)
  IceCv (visited)         Volcano (visited)         Desolation (visited)

Altars:
Ashenzari
Cheibriados
Dithmenos
Elyvilon
Fedhas
Gozag
Hepliaklqana
Kikubaaqudgha
Makhleb
Nemelex Xobeh
Okawaru
Qazlal
Sif Muna
Trog
Uskayaw
Vehumet
Wu Jian
Xom
Yredelemnul
Zin
The Shining One
Beogh

Shops:
D:9 *   D:10 [   D:12 !   D:14 *   D:15 [   Orc:2 ([[*   Snake:2 }}=
Vaults:1 (   Vaults:3 :   Vaults:5 *   Depths:1 ([

Portals:
Hell: Depths:1 Depths:2 Depths:3 Depths:4 Depths:5
Abyss: Depths:4
Pandemonium: Depths:1 Depths:3
Ziggurat: Depths:2

Annotations:
D:4 2 runed translucent doors, Crazy Yiuf; ytrimaz's ghost, amateur HOFi
Orc:2 exclusion: 2 upstairs
Zot:2 2 transporters
Zot:5 1 exclusion


Innate Abilities, Weirdness & Mutations

You reflexively headbutt those who attack you in melee.
You have a pair of horns on your head.
You are partially covered in icy blue scales. (AC +2)
Scrolls take you a little longer to read.
Your body sometimes deteriorates upon taking damage.
Your magical capacity is low. (-10% MP)


Message History

You hit the ancient lich but do no damage.
You completely miss the Orb Guardian. You slash the Orb Guardian!
You kill the Orb Guardian!
The Killer Klown blinks!
The Orb Guardian hits you.
You cut the ancient lich into ribbons!!!
Your headbutt misses the ancient lich.
The ancient lich is heavily damaged.
You hit the Orb Guardian but do no damage.
You block the Orb Guardian's attack. You block the ancient lich's attack.
The Killer Klown blinks!
Uskayaw will force your foes to helplessly watch your dance.
You slice the ancient lich!!
The ancient lich is severely damaged.
You hit the Orb Guardian but do no damage.
Lightning courses through the Orb Guardian!
You hear a shout!
The Killer Klown blinks!
You block the Orb Guardian's attack.
The ancient lich points at you and mumbles some strange words.
The iron shot hits you!!!!
You die...

....^### #.#* #.....## *#.#*
##.....## *#.#* #### ##.....##
*#.#* #... ##.....## *#^#####
#... #..⌠...## *#....# #...
#.......#############...####.)
#............[...............)
#####.......X@...............)
*** ########L########▓▓▓▓#####
,,** *...?.XXp^......* **,,,,
,,,** *#.^.°○zX......#*
**,,,,, ,,,,** #..p°..p......#
**,,,,,, ,,,,,*
##...........## *,,,,,,,
,,,,,* #...§.......# *,,,,,,,
,,,,,* *#.........$.#*
*,,^,,,, ,,,,,*
#.............# *,,,,,,,


You could see 3 Killer Klowns, an ancient lich, a curse toe and 4 Orb Guardians.

Vanquished Creatures
  2 orbs of fire (Zot:5)
  Mennas (Vaults:4)
  2 ancient liches (Vaults:5)
  A juggernaut (Depths:4)
  Sojobo (Depths:3)
  A Killer Klown (Zot:5)
  Xtahua (Vaults:5)
  Frederick (Vaults:5)
  Bai Suzhen (Vaults:3)
  A curse toe (Zot:3)
  Geryon (Hell)
  14 golden dragons
  2 bone dragons
  3 electric golems
  Jorgrun (D:13)
  11 Orb Guardians (Zot:5)
  25 tentacled monstrosities
  7 quicksilver dragons
  4 deep elf master archers (Elf:3)
  Asterion (Elf:2)
  4 deep elf blademasters
  3 liches
  2 titans
  10 sphinxes
  13 shadow dragons
  11 death cobs
  13 tengu reavers
  Donald (Elf:2)
  16 storm dragons
  9 nagarajas
  4 draconian monks
  11 fire giants
  A fenstrider witch (Swamp:2)
  6 iron dragons
  2 ghost moths
  9 draconian knights
  11 deep elf sorcerers
  14 vault wardens
  6 draconian scorchers
  12 frost giants
  3 imperial myrmidons (Desolation)
  14 ironheart preservers
  An orc warlord (Vaults:4)
  3 draconian stormcallers
  6 draconian shifters
  6 draconian annihilators
  A balrug (Depths:4)
  3 deep elf elementalists
  7 reapers (Hell)
  17 very ugly things
  2 war gargoyles
  26 stone giants
  2 spriggan defenders (Depths:4)
  Nessos (D:13)
  7 deep elf demonologists
  2 vampire knights
  2 entropy weavers
  8 green draconians
  8 black draconians
  11 purple draconians
  8 deep elf annihilators
  13 red draconians
  14 yellow draconians
  3 bunyips
  13 white draconians
  2 lorocyprocas
  3 spark wasps
  A halazid warlock (Desolation)
  A minotaur (Depths:2)
  2 eleionomae (Swamp:4)
  16 ettins
  3 crystal guardians
  4 blizzard demons
  9 deep elf high priests
  A merfolk impaler (Depths:5)
  7 deep elf death magi
  Fannar (Lair:3)
  Josephine (D:12)
  11 great orbs of eyes
  14 fire dragons
  9 ragged hierophants (Desolation)
  13 ice dragons
  A kraken zombie (Hell)
  26 yaktaur captains
  16 hydras
  7 peacekeepers
  A shambling mangrove (Swamp:2)
  8 servants of whispers
  22 naga warriors
  6 spriggan air magi
  A hell beast (Depths:3)
  12 rakshasas
  5 death knights
  A boulder beetle (shapeshifter) (Vaults:5)
  6 boulder beetles
  4 catoblepae
  6 ghost crabs
  7 anacondas
  35 vault guards
  10 centaur warriors
  A satyr (shapeshifter) (Vaults:5)
  10 deep troll shamans
  42 two-headed ogres
  A titan zombie (Hell)
  27 dancing weapons
  8 deep troll earth magi
  8 tengu warriors
  12 alligators
  10 ogre magi
  4 hell hogs
  8 spriggan berserkers
  Urug (D:12)
  6 soul eaters
  10 naga sharpshooters
  7 shock serpents
  17 death yaks
  16 hell knights
  A storm dragon zombie (Depths:1)
  8 sun demons
  19 deep elf knights
  3 iron trolls (Depths:4)
  3 goliath frogs
  A sixfirhy (Depths:3)
  3 salamander mystics
  A skeletal warrior (Hell)
  4 shadow wraiths
  A torturous demonspawn (Depths:3)
  33 deep trolls
  3 wizards
  3 unseen horrors
  4 glowing orange brains
  12 sea snakes (Snake:3)
  8 naga ritualists
  10 bog bodies
  A swamp dragon (Swamp:4)
  3 lindwurms
  16 deep elf archers
  5 flayed ghosts
  An anaconda skeleton (Hell)
  A spectral hydra (Swamp:4)
  17 ironbrand convokers
  Pikel (D:4)
  A shadow dragon zombie (Hell)
  4 phantasmal warriors
  7 necromancers
  An orb spider (shapeshifter) (D:13)
  A lindwurm (shapeshifter) (Depths:5)
  8 mana vipers
  41 ugly things
  A wolf spider zombie (Hell)
  An iron dragon zombie (Hell)
  3 wolf spiders
  3 orc sorcerers
  A shining eye (shapeshifter) (Vaults:2)
  71 deep elf magi
  5 harpies
  An oklob plant (Swamp:4)
  13 orc knights
  18 salamanders
  9 cyclopes
  2 centaur zombies
  29 elephants
  3 manticores
  A stone giant zombie (Depths:1)
  A cyclops (shapeshifter) (Vaults:5)
  10 guardian serpents
  A guardian serpent (shapeshifter) (Vaults:4)
  27 moths of wrath
  2 will-o-the-wisps
  33 black mambas
  2 ice statues
  A moth of wrath (shapeshifter) (Vaults:3)
  11 vault sentinels
  A dire elephant zombie (Hell)
  27 naga magi
  A molten gargoyle (Hell)
  An eye of devastation (Depths:1)
  3 orange demons
  2 rust devils
  A torpor snail (Lair:6)
  8 cane toads
  A gargoyle (D:11)
  5 smoke demons
  A cane toad (shapeshifter) (Depths:1)
  A catoblepas zombie (Hell)
  4 swamp worm zombies (Swamp:4)
  2 hellions (Hell)
  A kobold demonologist (D:13)
  110 yaktaurs
  6 freezing wraiths
  5 rime drakes
  An efreet (D:14)
  A hellwing (Depths:1)
  7 komodo dragons
  An anaconda simulacrum (Hell)
  3 ice devils (Hell)
  A small abomination (Elf:3)
  A red devil (Hell)
  18 trolls
  10 tengu conjurers
  A polar bear (shapeshifter) (Vaults:3)
  A queen bee (Depths:2)
  A meliai (shapeshifter) (Vaults:5)
  A jumping spider (shapeshifter) (Vaults:5)
  5 hydra zombies (Swamp:4)
  12 hornets
  31 polar bears
  9 meliai
  A jumping spider (Vaults:2)
  4 raiju (Lair:6)
  A dream sheep (shapeshifter) (Depths:2)
  9 tyrant leeches
  61 saltlings
  13 slime creatures
  13 blink frogs
  4 alligator zombies
  2 dream sheep (Lair:6)
  A wind drake (shapeshifter) (Depths:2)
  A fire dragon zombie (Hell)
  6 spectral swamp dragons (Swamp:4)
  22 water elementals
  2 redbacks (Vaults:5)
  A meliai zombie (D:14)
  A vampire (D:13)
  A wyvern (shapeshifter) (Depths:4)
  2 wyverns
  9 spriggans
  A shadow (D:11)
  2 centaur simulacra (D:14)
  10 wraiths
  An ice dragon skeleton (Depths:1)
  62 yaks
  2 yaks (shapeshifter)
  4 basilisks
  7 fire elementals
  2 humans (shapeshifter)
  Eustachio (D:6)
  Grum (D:8)
  A neqoxec (Depths:1)
  3 golden eyes (Depths:1)
  A golden eye (shapeshifter) (Elf:1)
  13 wargs
  A redback simulacrum (D:14)
  23 swamp worms
  17 vampire mosquitoes
  A tengu zombie (Depths:1)
  Menkaure (D:5)
  56 nagas
  2 acid dragons
  3 soldier ants
  2 floating eyes
  2 hydra simulacra (Hell)
  6 water moccasins
  2 floating eyes (shapeshifter)
  22 hell hounds
  16 ice beasts
  35 orc warriors
  A cane toad skeleton (Hell)
  3 necrophages
  5 sky beasts
  2 eyes of draining
  6 phantoms
  18 black bears
  2 swamp dragon zombies (Swamp:4)
  A boulder beetle simulacrum (Vaults:3)
  53 wolves
  8 boggarts
  35 ogres
  18 centaurs
  3 lemures (D:4)
  12 bullfrogs
  2 big kobolds
  9 gnoll sergeants
  A wyvern skeleton (D:11)
  A hornet simulacrum (D:14)
  2 scorpions (D:11)
  32 killer bees
  14 wights
  6 howler monkeys
  3 electric eels (Snake:3)
  4 bullfrog zombies
  A quasit (D:8)
  A wyvern simulacrum (D:14)
  8 hounds
  7 jellies
  21 orc wizards
  2 bullfrog skeletons
  3 centaur skeletons
  18 orc priests
  7 gnoll shamans
  3 iguanas
  Ijyb (D:4)
  A spectral swamp drake (Swamp:4)
  10 worker ants
  A hound zombie (D:9)
  A hound skeleton (D:11)
  A howler monkey skeleton (D:7)
  3 worker ant zombies
  Robin (D:4)
  14 adders
  64 gnolls
  2 shadow imps
  6 white imps
  3 ufetubi
  2 oozes
  An adder skeleton (D:9)
  A worm (D:2)
  2 dart slugs
  9 leopard geckos
  100 orcs
  3 giant cockroaches
  18 goblins
  8 hobgoblins
  22 jackals
  3 quokkas
  4 ball pythons
  8 bats
  A frilled lizard (D:3)
  13 kobolds
  A leopard gecko skeleton (D:7)
  8 rats
  5 crawling corpses
  2 tentacles (Hell)
2723 creatures vanquished.

Vanquished Creatures (others)
  Snorg (D:13)
  A hydra (Swamp:3)
  A hell hog (Hell)
  A goliath frog (Swamp:4)
  2 phantasmal warriors (Swamp:4)
  A salamander (Snake:2)
  10 bloated husks
  A naga (Snake:4)
  A water moccasin (D:11)
  A swamp drake (Swamp:2)
  2 phantoms (Swamp:4)
  A wolf (IceCv)
  A worker ant zombie (D:11)
  An orc (Vaults:3)
  10 foxfires
  55 fungi
  62 plants
  2 tentacles (Hell)
  10 withered plants (Swamp:3)
164 creatures vanquished.

Grand Total: 2887 creatures vanquished

Notes
Turn   | Place    | Note
-------+----------+-------------------------------------------
     0 | D:1      | tardwrangler69 the Minotaur Fighter began the quest for the
                  | Orb.
     0 | D:1      | Reached XP level 1. HP: 19/19 MP: 0/0
   951 | D:1      | Reached XP level 2. HP: 26/27 MP: 1/1
  1386 | D:2      | Reached XP level 3. HP: 33/33 MP: 2/2
  1996 | D:3      | Reached XP level 4. HP: 31/40 MP: 3/3
  2075 | D:3      | Noticed a gnoll sergeant
  2432 | D:3      | Found an ornate altar of the Wu Jian Council.
  2489 | D:3      | Found a blossoming altar of Fedhas.
  2545 | D:3      | Reached XP level 5. HP: 40/47 MP: 4/4
  2848 | D:3      | Reached skill level 5 in Axes
  2949 | D:3      | Reached XP level 6. HP: 44/55 MP: 5/5
  2989 | D:3      | Reached skill level 5 in Fighting
  2989 | D:3      | Reached skill level 5 in Armour
  2989 | D:3      | Reached skill level 5 in Shields
  3380 | D:3      | Reached XP level 7. HP: 19/61 MP: 6/6
  3943 | D:3      | Found a faded altar of an unknown god.
  4442 | D:4      | Noticed Pikel
  4459 | D:4      | Killed Pikel
  4460 | D:4      | Reached XP level 8. HP: 14/70 MP: 7/7
  4844 | D:4      | Noticed Robin
  4858 | D:4      | Killed Robin
  5025 | D:4      | Found a glowing silver altar of Zin.
  5049 | D:4      | Found a staircase to the Ecumenical Temple.
  5066 | D:4      | Noticed ytrimaz's ghost (amateur HOFi)
  5069 | D:4      | Found a runed translucent door.
  5088 | D:4      | Found Tyru Fex's Antique Weapon Boutique.
  5096 | D:4      | Noticed Ijyb
  5102 | D:4      | Killed Ijyb
  5284 | D:4      | Found a runed translucent door.
  5285 | D:4      | Noticed Crazy Yiuf
  5683 | Temple   | Entered the Ecumenical Temple
  5865 | Temple   | Became a worshipper of Uskayaw the Reveller
  5930 | D:5      | Entered Level 5 of the Dungeon
  5935 | D:5      | Reached * piety under Uskayaw
  5938 | D:5      | Reached ** piety under Uskayaw
  5944 | D:5      | Reached *** piety under Uskayaw
  6222 | D:5      | Found a stormy altar of Qazlal.
  6259 | D:5      | Found a basalt altar of Yredelemnul.
  6264 | D:5      | Noticed Menkaure
  6271 | D:5      | Killed Menkaure
  6369 | D:5      | Found a sparkling altar of Nemelex Xobeh.
  6380 | D:5      | Reached **** piety under Uskayaw
  6569 | D:5      | Found a glowing golden altar of the Shining One.
  6704 | D:6      | Noticed Eustachio
  6729 | D:6      | Killed Eustachio
  6895 | D:6      | Found a burning altar of Makhleb.
  7058 | D:6      | Found a shadowy altar of Dithmenos.
  7191 | D:6      | Reached XP level 9. HP: 73/79 MP: 8/8
  8043 | D:7      | Reached skill level 10 in Axes
  8488 | D:8      | Reached ***** piety under Uskayaw
  9072 | D:8      | Noticed Grum
  9460 | D:8      | Killed Grum
  9468 | D:8      | Reached XP level 10. HP: 88/90 MP: 9/9
 10004 | D:9      | Reached ****** piety under Uskayaw
 10031 | D:9      | Found a flagged portal.
 10038 | Bailey   | Entered a bailey
 11352 | D:9      | Found Geagoel's General Store.
 11352 | D:9      | You fall into a shaft and drop 1 floor!
 11352 | D:10     | Entered Level 10 of the Dungeon
 11429 | D:10     | Found a staircase to the Orcish Mines.
 11769 | D:10     | Reached XP level 11. HP: 86/99 MP: 10/10
 11886 | D:10     | Found Wuudix's Antique Armour Boutique.
 12271 | D:11     | Noticed a two-headed ogre
 12281 | D:11     | Killed a two-headed ogre
 12282 | D:11     | Reached skill level 10 in Fighting
 12282 | D:11     | Reached skill level 10 in Armour
 12282 | D:11     | Reached skill level 10 in Shields
 12440 | D:11     | Found a staircase to the Lair.
 12669 | D:11     | Found a flickering gateway to a bazaar.
 12680 | Bazaar   | Entered a bazaar
 13015 | Bazaar   | Found Doplirut's Assorted Antiques.
 13062 | Bazaar   | Found Eckeuk's Weapon Boutique.
 13092 | Bazaar   | Found Tosada's Armour Boutique.
 13120 | Bazaar   | Found Siudaz's Assorted Antiques.
 13170 | Bazaar   | Bought a glowing broad axe for 161 gold pieces
 13171 | Bazaar   | Bought a purple potion for 20 gold pieces
 13214 | Bazaar   | Bought shimmering fire dragon scales for 1625 gold pieces
 13214 | Bazaar   | Bought a scroll labelled LUKENU MEGG for 25 gold pieces
 13224 | Bazaar   | Identified the +7 fire dragon scales of a Million Tales
                  | {rF++ rC- Int+5 Dex-5 Slay+3} (You bought it in a shop in a
                  | bazaar)
 13226 | Bazaar   | Identified a scroll of acquirement
 13226 | Bazaar   | Acquired a +1 broad axe of electrocution
 13860 | D:12     | Noticed Josephine
 13868 | D:12     | Killed Josephine
 13883 | D:12     | Killed an unseen horror
 14067 | D:12     | Found Qaubay's Distillery.
 14118 | D:12     | Reached XP level 12. HP: 110/110 MP: 11/11
 14537 | D:12     | Noticed Urug
 14549 | D:12     | Killed Urug
 14550 | D:12     | Reached skill level 1 in Dodging
 14659 | D:12     | Noticed a centaur warrior
 14666 | D:12     | Killed a centaur warrior
 15202 | D:12     | Reached skill level 15 in Axes
 15659 | D:13     | Noticed a four-headed hydra
 15677 | D:13     | Killed a ten-headed hydra
 15722 | D:13     | Noticed Nessos
 15747 | D:13     | Killed Nessos
 15970 | D:13     | Noticed a two-headed ogre
 15975 | D:13     | Killed a two-headed ogre
 16222 | D:13     | Noticed Snorg
 16223 | D:13     | Noticed a catoblepas
 16230 | D:13     | Killed Snorg
 16231 | D:13     | Killed a catoblepas
 16233 | D:13     | Noticed a vault guard
 16474 | Lair:1   | Entered Level 1 of the Lair of Beasts
 16531 | Lair:1   | Noticed an eight-headed hydra
 16543 | Lair:1   | Killed an eight-headed hydra
 16544 | Lair:1   | Reached skill level 5 in Dodging
 17145 | Lair:1   | Reached XP level 13. HP: 119/119 MP: 12/12
 18098 | Lair:2   | Got a scorched zirconium amulet
 18627 | Lair:2   | Found a staircase to the Swamp.
 18776 | Lair:2   | Identified the amulet "Pemig" {rElec Will+ Regen+ Str-2
                  | Stlth+} (You found it on level 2 of the Lair of Beasts)
 18814 | Lair:3   | Found a staircase to the Snake Pit.
 19532 | Lair:3   | Noticed Fannar
 19539 | Lair:3   | Killed Fannar
 19938 | Lair:4   | Reached XP level 14. HP: 114/130 MP: 13/13
 20036 | Lair:4   | Found a dark tunnel.
 20052 | Volcano  | Entered a volcano
 21749 | Lair:6   | Entered Level 6 of the Lair of Beasts
 21954 | Lair:6   | Reached skill level 1 in Invocations
 22049 | Lair:6   | HP: 6/133 [death yak (18)]
 22055 | Lair:6   | Reached skill level 10 in Dodging
 22058 | Lair:6   | Got a crystal war axe
 22059 | Lair:6   | Identified the cursed +1 war axe "Ilushaok" {pain, rElec
                  | Will- Int+5} (You found it on level 6 of the Lair of
                  | Beasts)
 22304 | Lair:6   | Reached XP level 15. HP: 75/139 MP: 14/16
 22485 | Lair:6   | Reached skill level 15 in Fighting
 22910 | Lair:6   | Found a staircase to the Slime Pits.
 23357 | Lair:6   | Got a masterwork ring mail
 23368 | Lair:6   | Identified the +3 ring mail "Xukui" {rPois rC+ rCorr Str-5}
                  | (You found it on level 6 of the Lair of Beasts)
 23409 | Lair:6   | Acquired 488 gold pieces
 23591 | Orc:1    | Entered Level 1 of the Orcish Mines
 23667 | Orc:2    | Entered Level 2 of the Orcish Mines
 24069 | Orc:2    | Found a staircase to the Elven Halls.
 24075 | Orc:2    | Found a roughly hewn altar of Beogh.
 24275 | Orc:2    | Found Elavo's Weapon Shop.
 24283 | Orc:2    | Found Tuwealai's Antique Armour Boutique.
 24292 | Orc:2    | Reached skill level 5 in Invocations
 24726 | Orc:2    | Found Vicec's Armour Shoppe.
 24733 | Orc:2    | Bought the +2 shield of Resistance {rF++ rC++ Will++} for
                  | 2011 gold pieces
 24733 | Orc:2    | Found the +2 shield of Resistance {rF++ rC++ Will++}
 24773 | Orc:2    | Found Xeim's General Store.
 25619 | D:13     | Noticed Jorgrun
 25626 | D:13     | Killed Jorgrun
 26124 | D:13     | Reached XP level 16. HP: 144/152 MP: 20/20
 26124 | D:13     | Found a gate to the Vaults.
 26657 | D:14     | Found Haojoivo's Assorted Antiques.
 26677 | D:14     | Found a frozen archway.
 26697 | IceCv    | Entered an ice cave
 27297 | IceCv    | Got a slimy turquoise ring
 27652 | D:14     | Identified the ring of Lexukuc {Will+ Int+8} (You found it
                  | in an ice cave)
 29164 | Orc:2    | Bought a +2 pair of boots for 231 gold pieces
 29322 | D:15     | Entered Level 15 of the Dungeon
 29345 | D:15     | Found Ehuegyku's Antique Armour Shoppe.
 29357 | D:15     | Bought a pair of transparent gloves for 285 gold pieces
 29367 | D:15     | Identified the +4 pair of gloves of the Imp {rN++ Str-4
                  | Dex+3 Stlth+} (You bought it in a shop on level 15 of the
                  | Dungeon)
 29405 | D:15     | Found a snail-covered altar of Cheibriados.
 29846 | D:15     | Reached skill level 15 in Shields
 29895 | D:15     | Found a staircase to the Depths.
 30092 | Elf:1    | Entered Level 1 of the Elven Halls
 30798 | Elf:1    | Reached skill level 10 in Invocations
 30934 | Elf:1    | Reached XP level 17. HP: 160/163 MP: 23/23
 32304 | Elf:2    | Identified the Tome of Sand
 32362 | Elf:2    | Noticed Donald
 32376 | Elf:2    | Killed Donald
 32409 | Elf:2    | Identified the Grimoire of Combed Thunderclap
 32419 | Elf:2    | Identified the Tome of Plaster Cramp
 32614 | Elf:2    | Found a runed translucent gate.
 32615 | Elf:2    | Found a runed translucent gate.
 32629 | Elf:2    | Found a runed translucent gate.
 32754 | Elf:2    | Noticed a deep elf blademaster
 32754 | Elf:2    | Noticed Asterion
 32768 | Elf:2    | Killed a deep elf blademaster
 32778 | Elf:2    | Gained mutation: You are partially covered in icy blue
                  | scales. (AC +2) [a cacodemon]
 32781 | Elf:2    | Killed Asterion
 34032 | Elf:3    | Entered Level 3 of the Elven Halls
 34560 | Elf:3    | Reached XP level 18. HP: 141/178 MP: 26/26
 35758 | Elf:3    | Identified the +2 leather armour of the Forest {rElec Int+4
                  | Dex+3 Stlth-}
 35758 | Elf:3    | Identified the ring of Lianinoh {Str+2 Stlth-}
 35758 | Elf:3    | Identified the +1 leather armour of the Ace of Cups
                  | {Rampage rF+}
 35762 | Elf:3    | Noticed a Tzitzimitl
 35768 | Elf:3    | Noticed a Brimstone Fiend
 35784 | Elf:3    | Noticed a Tzitzimitl
 36590 | Elf:3    | Identified The Lost Secrets of Magic
 36593 | Elf:3    | Identified Kukhlizxu's Reference Book on Aerial
                  | Transmutation
 36599 | Elf:3    | Identified the Reference Book on Congealing Air
 36659 | Elf:3    | Identified the +10 scale mail of the Jabberwock {Int-3
                  | Dex+7}
 37119 | Snake:1  | Entered Level 1 of the Snake Pit
 38374 | Snake:1  | Got a smouldering chain mail
 38385 | Snake:1  | Identified the +2 chain mail "Egrurol" {Str+3} (You found
                  | it on level 1 of the Snake Pit)
 38737 | Snake:2  | Found Eblo's Gadget Shop.
 38743 | Snake:2  | Found Sussa's Jewellery Emporium.
 38744 | Snake:2  | Found Evutiul's Gadget Shop.
 39718 | Snake:3  | Reached XP level 19. HP: 139/189 MP: 29/29
 39908 | Snake:3  | Reached skill level 15 in Invocations
 41306 | Snake:4  | Entered Level 4 of the Snake Pit
 41352 | Snake:4  | HP: 6/188 [naga warrior/+0 halberd (24)]
 42571 | Snake:4  | Got a serpentine rune of Zot
 42873 | Snake:4  | Found a white marble altar of Elyvilon.
 42996 | Snake:4  | Got a heavily runed glass ring
 42998 | Snake:4  | Identified the ring "Lipa" {Int+3 Dex+6} (You found it on
                  | level 4 of the Snake Pit)
 43239 | Swamp:1  | Entered Level 1 of the Swamp
 44092 | Swamp:2  | Got a clouded wooden ring
 44145 | Swamp:2  | Reached XP level 20. HP: 131/198 MP: 31/31
 45459 | Swamp:3  | Got an ancient scale mail
 45633 | Swamp:3  | Identified the ring "Zuda Kyu" {rCorr Str+3} (You found it
                  | on level 2 of the Swamp)
 45646 | Swamp:3  | Identified the cursed +0 scale mail of the Sky {Will+} (You
                  | found it on level 3 of the Swamp)
 45677 | Swamp:4  | Entered Level 4 of the Swamp
 45747 | Swamp:4  | Got a pair of smoking boots
 45758 | Swamp:4  | Identified the +2 pair of boots "Beacw" {*Corrode Int+5
                  | Stlth+} (You found it on level 4 of the Swamp)
 45795 | Swamp:4  | Reached skill level 15 in Armour
 46887 | Swamp:4  | Noticed a bone dragon
 46901 | Swamp:4  | Killed a bone dragon
 47244 | Swamp:4  | Got a decaying rune of Zot
 47499 | Vaults:1 | Entered Level 1 of the Vaults
 48142 | Vaults:1 | Got a coiled granite ring
 48144 | Vaults:1 | Identified the ring "Xenavop" {Ice *Contam Str+6 SInv} (You
                  | found it on level 1 of the Vaults)
 48326 | Vaults:1 | Found Piehog's Antique Weapon Shoppe.
 49857 | Vaults:2 | Reached skill level 15 in Dodging
 49903 | Vaults:2 | Reached XP level 21. HP: 195/204 MP: 32/32
 51331 | Vaults:3 | Found Wirarha's Book Shoppe.
 51437 | Vaults:3 | Found a ruined gateway.
 51587 | Desolati | Entered the Desolation of Salt
 51689 | Desolati | Got a coiled silver ring
 51691 | Desolati | Identified the ring "Gadam" {rC+ Str+5} (You found it in
                  | the Desolation of Salt)
 51736 | Desolati | Identified Qaron's Disquisition on Contamination
 52313 | Desolati | Identified the Collected Works on Mutagenic Flight
 52336 | Desolati | Identified the +2 cloak "Nusam" {*Contam rPois rN++ Str-3}
                  | (You found it in the Desolation of Salt)
 52528 | Desolati | Found the +15 Maxwell's patent armour {-Cast -Tele rElec
                  | Will+ rCorr}
 52575 | Desolati | Identified the +8 rapier "Misk" {drain, +Fly rPois rF+ rN+}
                  | (You found it in the Desolation of Salt)
 53390 | Vaults:3 | Reached XP level 22. HP: 180/213 MP: 34/34
 53391 | Vaults:3 | Found a staircase to the Crypt.
 53583 | Vaults:3 | Noticed Bai Suzhen
 53598 | Vaults:3 | Killed Bai Suzhen
 53985 | Vaults:4 | Noticed Mennas
 53995 | Vaults:4 | Killed Mennas
 55342 | Vaults:5 | Entered Level 5 of the Vaults
 55351 | Vaults:5 | Noticed an ancient lich
 55359 | Vaults:5 | Killed an ancient lich
 55763 | Vaults:5 | Noticed a golden dragon
 55779 | Vaults:5 | Killed a golden dragon
 56361 | Vaults:5 | Reached XP level 23. HP: 182/221 MP: 35/35
 56526 | Vaults:5 | Noticed an ancient lich
 56537 | Vaults:5 | Killed an ancient lich
 56651 | Vaults:5 | Noticed Xtahua
 56663 | Vaults:5 | Killed Xtahua
 56876 | Vaults:5 | Identified the +6 flail of Ancient Evil {vorpal, rC+ rN+
                  | Int+2}
 57348 | Vaults:5 | Found Menuh's General Store.
 57356 | Vaults:5 | Bought a scroll of enchant weapon for 172 gold pieces
 57857 | Vaults:5 | Got a pair of faintly humming boots
 57860 | Vaults:5 | Got a silver rune of Zot
 57924 | Vaults:5 | Noticed Frederick
 57932 | Vaults:5 | Killed Frederick
 58277 | Vaults:5 | Identified the +4 pair of boots "Vammip" {-Tele rPois Dex-5
                  | SInv} (You found it on level 5 of the Vaults)
 58656 | Depths:1 | Entered Level 1 of the Depths
 58771 | Depths:1 | Paralysed by a floating eye for 3 turns
 58829 | Depths:1 | Found Catidim's Antique Weapon Shoppe.
 58837 | Depths:1 | Found Nokukha's Antique Armour Shoppe.
 58855 | Depths:1 | Bought a pair of shimmering boots for 399 gold pieces
 58865 | Depths:1 | Identified the +1 pair of boots "Enovvur" {Rampage rC+}
                  | (You bought it in a shop on level 1 of the Depths)
 59080 | Depths:1 | Found a gateway to Hell.
 59303 | Depths:1 | Found a one-way gate leading to the halls of Pandemonium.
 59844 | Depths:2 | Reached XP level 24. HP: 227/233 MP: 36/36
 61268 | Depths:2 | Found a gateway to a ziggurat.
 61309 | Depths:2 | Identified the +11 hunting sling of the Elven Halls
                  | {vorpal, rPois rC+ MP+9}
 61583 | Depths:2 | Identified the Incunabulum of Enchantment and Calling
 62394 | Depths:2 | Got a slimy cloak
 62405 | Depths:2 | Identified the cursed +0 cloak "Gematyicsa" {rElec rPois
                  | rF+} (You found it on level 2 of the Depths)
 62722 | Depths:3 | Noticed Sojobo
 62739 | Depths:3 | Killed Sojobo
 63049 | Depths:3 | Identified the Almanac of Lethal Envenoming
 63124 | Depths:3 | Reached XP level 25. HP: 245/245 MP: 36/36
 63789 | Hell     | Entered the Vestibule of Hell
 63789 | Hell     | Noticed Geryon
 63815 | Hell     | Killed Geryon
 64479 | Hell     | Found a gateway to the decaying netherworld of Tartarus.
 64587 | Hell     | Found a gateway to the ashen valley of Gehenna.
 64637 | Hell     | Found a gateway to the Iron City of Dis.
 64664 | Hell     | Found a gateway to the freezing wastes of Cocytus.
 64920 | Depths:4 | Found a one-way gate to the infinite horrors of the Abyss.
 65061 | Depths:4 | Identified Bacusai's Papyrus of Twisted Contamination
 65069 | Depths:4 | Got a fine pewter ring
 65071 | Depths:4 | Identified the ring of Absolutism {*Tele rN+ Str+2} (You
                  | found it on level 4 of the Depths)
 65804 | Depths:4 | Reached XP level 26. HP: 197/258 MP: 36/36
 66608 | Depths:4 | Noticed a juggernaut
 66615 | Depths:4 | Killed a juggernaut
 66773 | Depths:4 | Identified the Reference Book on Confrontation and Flames
 66860 | Depths:4 | Acquired 885 gold pieces
 67024 | Depths:5 | Entered Level 5 of the Depths
 67724 | Depths:5 | Found a gate to the Realm of Zot.
 68321 | Zot:1    | Entered Level 1 of the Realm of Zot
 68477 | Zot:1    | You fall into a shaft and drop 1 floor!
 68491 | Zot:1    | Reached XP level 27. HP: 270/270 MP: 36/36
 68807 | Zot:1    | Identified the +1 scale mail of the Stag {rF++} (You found
                  | it on level 1 of the Realm of Zot)
 69157 | Zot:1    | Identified Pituroli's Almanac of Hurtful Weightlessness
 69921 | Zot:2    | Reached skill level 27 in Fighting
 70039 | Zot:2    | Found a transporter.
 70755 | Zot:2    | Found a transporter.
 72152 | Zot:4    | Reached skill level 27 in Axes
 72197 | Zot:4    | Reached skill level 27 in Armour
 72849 | Zot:4    | Identified the +2 double sword "Embalmer" {elec, rPois
                  | Int+2} (You found it on level 4 of the Realm of Zot)
 72910 | Zot:5    | Entered Level 5 of the Realm of Zot
 73701 | Zot:5    | Noticed an orb of fire
 73707 | Zot:5    | Noticed an orb of fire
 73709 | Zot:5    | Noticed an ancient lich
 73710 | Zot:5    | Gained mutation: Scrolls take you a little longer to read.
                  | [an orb of fire]
 73719 | Zot:5    | Gained mutation: Your body sometimes deteriorates upon
                  | taking damage. [an orb of fire]
 73721 | Zot:5    | Gained mutation: Your magical capacity is low. (-10% MP)
                  | [an orb of fire]
 73722 | Zot:5    | Killed an orb of fire
 73725 | Zot:5    | Killed an orb of fire
 73727 | Zot:5    | Killed from afar by an ancient lich

Illustrated notes

Levels and vault maps discovered:
D:1:      psy_arrival_heroes, layout_loops_corners, grunt_decor_resistance
D:2:      layout_basic
D:3:      lemuel_castle_with_subvaults [lemuel_castle_interior_original],
          layout_basic, marbit_many_paths, pdpol_wu_jian_five_deadly_venoms,
          chequers_ecumenical_altar_simple, kennysheep_generic_room_12
D:4:      layout_cave_pods, kennysheep_little_box,
          minmay_temple_entry_proselytizer, serial_shops,
          nicolae_shop_statue_plus, hellmonk_ghost_happy_afterlife, uniq_pikel,
          uniq_crazy_yiuf_cottage, uniq_robin, uniq_ijyb
D:5:      layout_cave_pools, nemelex_xobeh_ov_fountains_minmay,
          kennysheep_mini_moat, yredelemnul_altar_generic,
          nicolae_qazlal_general_emergency, uniq_menkaure
D:6:      layout_basic, old_standard_altar, nicolae_overflow_crystal_walls,
          gup_sewer_entry_bubbles, moated_statue, minivault_25,
          chequers_serial_rivers_marsh, uniq_eustachio
D:7:      layout_cave_pools, hangedman_decor_peaks_small
D:8:      layout_loops_ring, uniq_grum
D:9:      cheibrodos_ideogram_h, layout_basic, old_standard_altar, serial_shops,
          shop, enter_bailey_3
D:10:     layout_gridville, david_orc_3, serial_shops, kennysheep_mini
D:11:     layout_cave_pools, due_lair_maze_entry_diamond, serial_shops,
          freezing_bzr
D:12:     layout_roguey, serial_shops, shop, uniq_josephine, uniq_urug
D:13:     layout_loops_ring, erik_vaults_2, columned_hall_lemuel, uniq_nessos,
          uniq_snorg, uniq_jorgrun
D:14:     layout_stronghold, serial_shops, nicolae_shop_overgrown_old_shop,
          serial_ice, serial_ice_m, serial_ice_h, serial_ice_i, serial_ice_c,
          portal_ice_cave_entry_ice_beasts, chequers_arboretum
D:15:     grunt_enter_depths_hoard, layout_cave_pools,
          minmay_misc_feat_diagonals, serial_shops, shop, cheibriados_altar_1
Temple:   minmay_temple_bridge_abc
Lair:1:   layout_layer_cave
Lair:2:   layout_roguey, minmay_swamp_entry_worms,
          nicolae_quartered_pool_little, grunt_forest_stairs_basic,
          beast_lair_carwin_11, grunt_megastairs_2
Lair:3:   layout_regular_city, minmay_snake_entry_guardpost_small,
          serial_bayou_shore_b, serial_bayou_shore_b, uniq_fannar
Lair:4:   layout_concentric_octagons, nicolae_volcano_entry_vermiform,
          lemuel_fruit_tree
Lair:5:   layout_hall_layers, infiniplex_staircase_pool_2, grunt_megastairs_1
Lair:6:   hangedman_lair_caniforms_friends, layout_hall_layers,
          hangedman_lair_in_review, minmay_slime_entry_pillars
Swamp:1:  layout_basic_swamp, evilmike_swamp_ruin_house_5
Swamp:2:  layout_basic_swamp, evilmike_swamp_ruin_house_6, grunt_witch_cave
Swamp:3:  layout_falls_marsh, nicolae_swamp_fairy_circle, swamp_pool1,
          st_shrine_of_shade
Swamp:4:  swamp_pestilence, layout_basic_swamp
Snake:1:  layout_layer_cave, drop_trap, grunt_megastairs_4,
          serial_bayou_shore_b, serial_bayou_shore_b
Snake:2:  layout_onion, st_stairs_4, serial_bayou_pond_d, grunt_megastairs_5,
          minmay_shop_grove
Snake:3:  layout_basic, grunt_megastairs_3
Snake:4:  snake_pit, layout_grid_maze, basic_altar
Orc:1:    layout_diamond_mine
Orc:2:    st_orc_open, layout_diamond_mine, mines2_david
Elf:1:    layout_loops_corners, hangedman_elven_crosses_minicolossus,
          hangedman_elven_pyramids, st_stairs_5, palyth_stone_intersect,
          corexii_checkpoint_b, minmay_strange_pillars
Elf:2:    layout_gridlike, bh_hangedman_babel_library, uniq_asterion,
          uniq_donald
Elf:3:    minmay_elf_hall_statues, layout_gridlike, roderic_roman_lattice
Vaults:1: vaults_dpeg_spiral, nicolae_vaults_ring_of_whatevers, v_rooms_4,
          hangedman_vaults_slice, v_misc_1, vaults_room_pools,
          layout_vaults_omnigrid, serial_shops, nicolae_shop_behind_doors
Vaults:2: hangedman_vaults_stretched_pinwheel, vaults_mumra_chevron,
          nicolae_vaults_c_with_doors, grunt_vaults_hallway_short,
          nicolae_vaults_little_squares_6, v_misc_10, v_alt_pattern_6,
          v_misc_31, nicolae_vaults_alarming, nicolae_vaults_little_squares_1,
          vaults_room_grunt_arrival_ludios, v_pattern_4, vaults_room_semicircle,
          layout_vaults_big_room
Vaults:3: v_alt_pattern_1, blue_anna_dwarven_crypt, v_alt_pattern_1,
          vaults_room_pools, hangedman_vaults_locks,
          nicolae_vaults_yaktaur_gun_rack, nicolae_vaults_little_squares_6,
          vaults_room_pools, v_misc_19, v_misc_23, ontoclasm_vaults_hangar,
          ontoclasm_vaults_ligature, st_lines, grunt_vaults_diagonal,
          ontoclasm_vaults_hangar, nicolae_vaults_shelves_hall,
          layout_vaults_omnicross, serial_shops, shop,
          portal_desolation_entry_salt, uniq_bai_suzhen
Vaults:4: vaults_mumra_lcd, v_alt_pattern_1, v_misc_1,
          nicolae_vaults_circle_grid_a, ontoclasm_vaults_shuriken,
          hangedman_vaults_impose, v_misc_5, ontoclasm_vaults_twist,
          ontoclasm_vaults_idyll, ontoclasm_vaults_hangar,
          layout_vaults_omnibox, uniq_mennas
Vaults:5: serial_shops, uniq_xtahua, uniq_frederick
Depths:1: layout_small_grid, rand_demon_pan_entry_5, hell_entry,
          hangedman_eye_storm, minmay_shop_star
Depths:2: box_level_dp, hell_entry, serial_shops
Depths:3: minmay_the_grid_plus [minmay_the_grid_spikes,
          minmay_the_grid_dragon_b, minmay_the_grid_slots,
          minmay_the_grid_odd_star, minmay_the_grid_prize_diamond_cup],
          layout_cave_pools, rand_demon_pan_entry_9, hell_entry,
          infiniplex_staircase_pillars_3a, uniq_sojobo
Depths:4: minmay_octagon_city, layout_basic, abyss_entry, lightli_too_deep,
          serial_aquarium, aquarium_bridge_straight [aquarium_subvault_bridge,
          aquarium_subvault_wall, aquarium_subvault_bridge,
          aquarium_subvault_wall], aquarium_window_corridor_1,
          aquarium_window_fake, aquarium_view_2g, aquarium_view_2c,
          aquarium_pool_1, minmay_variable_closet
Depths:5: grunt_zot_entry_funnels, layout_gridlike, hangedman_coc_ice_floe,
          minmay_misc_feat_chi
Hell
Zot:1:    grunt_deathspiral_small, layout_concentric_octagons
Zot:2:    gammafunk_its_a_trap, layout_misc_corridors
Zot:3:    layout_gridlike
Zot:4:    layout_misc_corridors, st_stairs_13
Zot:5:    layout_misc_corridors

Skill      XL: |  1  2  3  4  5  6  7  8  9 10 11 12 13 14 15 16 17 18 19 20 21 22 23 24 25 26 27 |
---------------+----------------------------------------------------------------------------------+-----
Axes           | 3 4 5 6 7 9 11 12 14 16 18 19 20 21 23 24 25 27 | 27.0
Armour         | 4 5 6 7 8 9 11 12 14 16 18 19 20 22 23 24 27 | 27.0
Shields        | 4 5 6 7 8 9 11 13 15 | 15.0
Fighting       | 4 5 6 7 8 9 11 12 13 14 16 18 19 21 22 24 25 26 27 | 27.0
Dodging        | 5 8 10 13 15 16 17 18 | 18.9
Invocations    | 2 7 10 13 14 16 17 18 19 20 21 | 21.1

Action                   |  1- 3 |  4- 6 |  7- 9 | 10-12 | 13-15 | 16-18 | 19-21 | 22-24 | 25-27 || total
-------------------------+-------+-------+-------+-------+-------+-------+-------+-------+-------++-------
Melee: War axe           |    93 |   179 |    71 |   166 |       |       |    21 |       |       ||   530
       Headbutt          |    19 |    30 |    66 |    96 |   136 |   204 |   380 |   373 |   346 ||  1650
       Broad axe         |       |       |   321 |   360 |   736 |   990 |  1272 |  1159 |  1075 ||  5913
Invok: Stomp             |       |       |       |       |     4 |       |     4 |     1 |       ||     9
       Line Pass         |       |       |       |       |     1 |       |       |       |       ||     1
       Grand Finale      |       |       |       |       |     1 |       |       |     2 |     3 ||     6
Evoke: Wand              |       |       |       |     6 |    13 |     1 |       |     3 |       ||    23
  Use: Scroll            |       |     2 |    12 |    12 |     8 |     8 |    10 |    11 |     4 ||    67
       Potion            |       |     1 |       |     3 |     2 |       |     6 |       |       ||    12
 Stab: Paralysed         |       |       |    12 |    48 |    98 |   155 |   247 |   183 |   268 ||  1011
       Distracted        |       |       |       |       |       |       |       |     1 |     1 ||     2
       Confused          |       |       |       |       |       |       |       |     1 |       ||     1
Armor: Scale mail        |     8 |       |       |       |       |    38 |   314 |       |       ||   360
       Plate armour      |    53 |   125 |   327 |   181 |       |   181 |    16 |   342 |   362 ||  1587
       Fire dragon scale |       |       |       |   106 |   303 |     8 |       |       |       ||   417
Dodge: Dodged            |    14 |    46 |   105 |   143 |   296 |   224 |   578 |   353 |   431 ||  2190
Block: Kite shield       |    43 |   114 |   294 |   363 |   409 |   559 |   859 |   615 |   634 ||  3890
